 Dungeon Crawl Stone Soup version 0.30-a0-297-g0ec75d9ef4 (webtiles) character file.

Game seed: 12071945503389555427

892 pokeman the Thaumaturge (level 7, -2/40 HPs)
             Began as a Deep Elf Hedge Wizard on Oct 19, 2022.
             Was an Initiate of Vehumet.
             Slain by an orc
             ... wielding a +0 war axe
              (7 damage)
             ... on level 5 of the Dungeon.
             The game lasted 00:11:39 (5314 turns).

pokeman the Thaumaturge (Deep Elf Hedge Wizard)     Turns: 5314, Time: 00:11:39

Health: -2/40      AC:  5    Str:  7    XL:     7   Next: 78%
Magic:  11/21      EV: 12    Int: 27    God:    Vehumet [......]
Gold:   223        SH:  0    Dex: 14    Spells: 16/24 levels left

rFire   + . .      SeeInvis .    n - staff of poison
rCold   . . .      Faith    .    (no shield)
rNeg    . . .      Spirit   .    w - +0 leather armour
rPois   +          Reflect  .    c - +0 hat
rElec   .          Harm     .    (no cloak)
rCorr   .          Rampage  .    (no gloves)
Will    .....                    a - +1 pair of boots
Stlth   +.........               (no amulet)
HPRegen 0.26/turn                p - +6 ring of intelligence
MPRegen 0.17/turn                b - ring of protection from fire

@: confused
A: no striking features
a: Renounce Religion


You were on level 5 of the Dungeon.
You worshipped Vehumet.
Vehumet was noncommittal.
You visited 2 branches of the dungeon, and saw 6 of its levels.

You collected 223 gold pieces.

Inventory:

Missiles
 l - 2 curare-tipped darts
Armour
 a - a +1 pair of boots (worn)
 c - a +0 hat (worn)
 w - a +0 leather armour (worn)
Magical Staves
 n - a staff of poison (weapon)
Jewellery
 b - a ring of protection from fire (right hand)
 p - a +6 ring of intelligence (left hand)
Scrolls
 f - 2 scrolls of vulnerability {unknown}
 g - 4 scrolls of identify {unknown}
 j - a scroll of magic mapping {unknown}
 q - a scroll of poison {unknown}
 r - 2 scrolls of torment {unknown}
 t - 2 scrolls of fog {unknown}
 v - a scroll of summoning {unknown}
 x - a scroll of teleportation {unknown}
Potions
 d - 2 potions of magic
 e - a potion of haste {unknown}
 h - 2 potions of heal wounds {unknown}
 i - 2 potions of degeneration {unknown}
 k - a potion of lignification {unknown}
 m - a potion of curing
 o - 2 potions of mutation {unknown}
 s - 2 potions of attraction {unknown}
 u - a potion of might {unknown}


   Skills:
 - Level 2.0 Fighting
 + Level 1.9 Armour
 - Level 3.0 Dodging
 - Level 3.0 Stealth
 * Level 9.0 Spellcasting
 + Level 4.5 Conjurations
 - Level 1.1 Summonings
 - Level 1.1 Translocations
 - Level 1.2 Air Magic
 - Level 1.0 Poison Magic
 - Level 1.0 Evocations


You had 16 spell levels left.
You knew the following spells:

 Your Spells              Type           Power      Damage    Failure   Level
a - Magic Dart            Conj           100%       1d8       1%          1
b - Mephitic Cloud        Conj/Pois/Air  36%        N/A       9%          3
c - Call Imp              Summ           18%        N/A       7%          2
d - Blink                 Tloc           36%        N/A       7%          2

Your spell library contained the following spells:

 Spells                   Type           Power      Damage    Failure   Level
 Searing Ray              Conj           72%        2d7       1%          2
 Beastly Appendage        Tmut           24%        N/A       7%          1
 Slow                     Hex            48%        N/A       7%          1
 Cigotuvi's Dreadful Rot  Necr/Pois/Air  48%        N/A       8%          2
 Wereblood                Tmut           12%        N/A       11%         2
 Spider Form              Tmut/Pois      22%        N/A       17%         3
 Fulminant Prism          Conj/Hex       12%        3d9       26%         4


Dungeon Overview and Level Annotations

Branches:
Dungeon (5/15)             Temple (1/1) D:4

Altars:
Makhleb
Nemelex Xobeh
Qazlal
Trog
Vehumet
Wu Jian
Xom
Yredelemnul
The Shining One

Shops:
D:2 (


Message History

The orc wizard hits you but does no damage.
You hit the orc wizard.
The orc wizard is severely wounded.
You hear some strange, mumbled words.
You are confused.
The orc wizard hits something with a +0 dagger.
The orc wizard is engulfed in noxious fumes.
The orc wizard appears confused.
The orc wizard barely misses you.
The orc priest invokes the aid of Beogh against you.
Beogh smites you!
* * * LOW HITPOINT WARNING * * *
You hear a shout!
The orc hits the orc wizard with a +0 whip.
The orc wizard is killed!
Vehumet accepts your kill.
You hear some strange, mumbled words.
A magic dart appears from out of thin air!
The magic dart hits you.
* * * LOW HITPOINT WARNING * * *
Your Spellcasting skill increases to level 9!
You're too confused to cast spells.
You bump into the rock wall.
The orc priest calls upon Beogh to heal the orc wizard.
The orc wizard is healed somewhat.
You hear some strange, mumbled words.
Something tries to affect you, but you resist.
The orc wizard hits the orc but does no damage.
Unknown command.
The orc closely misses something.
Something hits you.
* * * LOW HITPOINT WARNING * * *
Unknown command.
An orc wizard comes into view. It is wielding a +0 dagger.
The orc wizard shouts!
The orc hits you but does no damage.
The orc hits the orc wizard with a +0 whip.
Something hits you.
* * * LOW HITPOINT WARNING * * *
The orc wizard barely misses something.
The orc wizard barely misses itself.
You're too confused to move!
The orc hits you with a +0 war axe!
You die...

#.#... ..[.##
###oo.. #. ##.
#....##...# . ..
##.o.†...>.....##.
#..#.#.####.......
#....#............
#oo###........##oo
#@{#..............
#o.#.#......###...
##..#.#............
#?<...#......###o##
#...#).......###.##
#.#................
#..###........##).##
### ######.........
#.###.....


You could see an orc priest, 2 orc wizards and 2 orcs.

Vanquished Creatures
  An ice beast (D:4)
  A black bear (D:5)
  An ogre (D:4)
  A phantom (D:4)
  Blork the orc (D:5)
  3 scorpions
  3 orc priests
  An iguana (D:4)
  An orc wizard (D:5)
  3 gnolls (D:4)
  3 adders
  A worm (D:4)
  5 dart slugs
  6 orcs
  5 ball pythons
  8 endoplasms
  2 giant cockroaches
  5 goblins
  7 hobgoblins
  6 jackals
  8 kobolds
  2 quokkas (D:1)
  5 bats
  5 frilled lizards
  3 rats
87 creatures vanquished.

Vanquished Creatures (collateral kills)
  An iguana (D:5)
  An orc (D:4)
2 creatures vanquished.

Vanquished Creatures (others)
  A withered plant (D:5)
1 creature vanquished.

Grand Total: 90 creatures vanquished

Notes
Turn   | Place    | Note
-------+----------+-------------------------------------------
     0 | D:1      | pokeman the Deep Elf Hedge Wizard began the quest for the
                  | Orb.
     0 | D:1      | Reached XP level 1. HP: 10/10 MP: 7/7
   316 | D:1      | Reached XP level 2. HP: 16/16 MP: 4/9
  1184 | D:1      | Reached skill level 5 in Spellcasting
  1571 | D:2      | Reached XP level 3. HP: 20/20 MP: 8/11
  1575 | D:2      | Learned a level 3 spell: Mephitic Cloud
  1578 | D:2      | Learned a level 2 spell: Call Imp
  1581 | D:2      | Learned a level 2 spell: Blink
  1699 | D:2      | Found Ixzent's Weapon Boutique.
  2128 | D:2      | Reached skill level 1 in Fighting
  2374 | D:3      | Reached skill level 1 in Armour
  2685 | D:3      | Reached XP level 4. HP: 25/25 MP: 2/13
  3375 | D:4      | Reached skill level 6 in Spellcasting
  3379 | D:4      | Reached XP level 5. HP: 19/29 MP: 1/15
  3632 | D:4      | Reached skill level 1 in Evocations
  3793 | D:4      | Reached skill level 1 in Air Magic
  3793 | D:4      | Reached XP level 6. HP: 33/34 MP: 5/17
  3933 | D:4      | Found a staircase to the Ecumenical Temple.
  3942 | Temple   | Entered the Ecumenical Temple
  3967 | Temple   | Became a worshipper of Vehumet
  4128 | D:4      | Reached skill level 1 in Poison Magic
  4169 | D:4      | Reached skill level 7 in Spellcasting
  4814 | D:5      | Entered Level 5 of the Dungeon
  4814 | D:5      | Noticed an ice beast
  4867 | D:4      | Killed an ice beast
  4868 | D:4      | Reached XP level 7. HP: 23/39 MP: 10/20
  4991 | D:4      | Reached skill level 8 in Spellcasting
  5106 | D:5      | Noticed Blork the orc
  5137 | D:5      | Killed Blork the orc
  5311 | D:5      | Reached skill level 9 in Spellcasting
  5314 | D:5      | Slain by an orc

Illustrated notes

Levels and vault maps discovered:
D:1:      psy_arrival_conway, layout_basic, supply_closet_lemuel
D:2:      layout_basic, serial_shops, shop
D:3:      layout_rooms
D:4:      layout_loops_ring, minmay_temple_entry_glassed_door,
          minmay_fountain_box
D:5:      layout_rooms, kiku_gazebo_garden_becter, mainiacjoe_overflow_alcove_2,
          uniq_blork_the_orc
Temple:   nicolae_temple_bog_church

Skill      XL: |  1  2  3  4  5  6  7 |
---------------+----------------------+-----
Spellcasting   | 5 6 7 9 |  9.0
Fighting       | 1 2 |  2.0
Armour         | 1 |  1.9
Conjurations   | 2 3 4 |  4.5
Stealth        | 3 |  3.0
Dodging        | 3 |  3.0
Evocations     | 1 |  1.0
Air Magic      | 1 |  1.2
Poison Magic   | 1 |  1.0
Summonings     | |  1.1
Translocations | |  1.1

Action                   |  1- 3 |  4- 6 |  7- 9 || total
-------------------------+-------+-------+-------++-------
Melee: Staff             |       |    35 |    40 ||    75
       Punch             |       |       |     2 ||     2
 Cast: Magic Dart        |   116 |    97 |    24 ||   237
       Mephitic Cloud    |       |    10 |    13 ||    23
       Call Imp          |       |     7 |     2 ||     9
       Blink             |       |     1 |     1 ||     2
 Stab: Confused          |       |     5 |    10 ||    15
Armor: Robe              |     1 |       |       ||     1
       Leather armour    |       |    13 |    28 ||    41
Dodge: Dodged            |     6 |    29 |    35 ||    70

Table legend: (Time is in decaauts)
 A = Elapsed time spent in this place.
 B = Non-inter-level travel time spent in this place.
 C = Inter-level travel time spent in this place.
 D = Time resting spent in this place.
 E = Time spent auto-exploring this place.
 F = Levels seen in this place.
 G = Mean time per level.
                   A        B        C        D        E       F      G
               +--------+--------+--------+--------+--------+-----+--------+
         Total |   5335 |   5088 |    247 |    311 |   4025 |   6 |  889.2 |
       Dungeon |   5288 |   5067 |    221 |    311 |   4015 |   5 | 1057.6 |
        Temple |     46 |     20 |     26 |      0 |     10 |   1 |   46.0 |
               +--------+--------+--------+--------+--------+-----+--------+

Top non-repeatable levels by time:
     D:4: 1894 daAuts
     D:1: 1572 daAuts
     D:3: 884 daAuts
     D:2: 773 daAuts
     D:5: 162 daAuts
  Temple: 46 daAuts
